 Dungeon Crawl Stone Soup version 0.30-a0-718-geaa24f58ff (webtiles) character file.

Game seed: 1994975782850190641

16836 sokol815 the Skirmisher (level 11, -2/97 HPs)
             Began as a Demigod Hunter on Jan 25, 2023.
             Slain by a reaper
             ... wielding a +0 scythe of freezing
              (32 damage)
             ... in an ice cave on Jan 26, 2023.
             The game lasted 00:32:03 (13167 turns).

sokol815 the Skirmisher (Demigod Hunter)           Turns: 13167, Time: 00:32:03

Health: -2/97      AC: 15    Str: 12    XL:     11   Next: 85%
Magic:  14/14      EV: 15    Int: 11    God:
Gold:   19         SH:  0    Dex: 29    Spells: 10/10 levels left

rFire   + . .      SeeInvis .    a - +6 shortbow (flame)
rCold   + . .      Faith    .    (shield currently unavailable)
rNeg    . . .      Spirit   .    C - +0 chain mail {rC+}
rPois   .          Reflect  .    h - +1 helmet
rElec   .          Harm     .    P - +0 cloak
rCorr   .          Rampage  .    T - +0 pair of gloves
Will    +....                    A - +2 pair of boots Stlth
                                 k - amulet of the acrobat
HPRegen 0.36/turn                D - +5 ring of evasion
MPRegen 0.14/turn                F - ring of protection from fire {rF+, !d}

@: no status effects
A: high MP 1, forlorn, divine attributes
a: no special abilities


You were in an ice cave.
You visited 2 branches of the dungeon, and saw 12 of its levels.
You also visited: Ice Cave.

You collected 679 gold pieces.
You spent 660 gold pieces at shops.

Inventory:

Hand Weapons
 a - a +6 shortbow of flaming (weapon)
 b - the +6 mace of Righteous Anger {heavy, *Slow rF++ Will+ Stlth+}
   (You found it on level 4 of the Dungeon)

   rF:        It greatly protects you from fire.
   *Slow:     It may slow you when you take damage.
   Will:      It increases your willpower.
   Stlth:     It makes you more stealthy.
 p - a +2 triple sword of freezing
   (You found it in an ice cave)
 O - a +1 hand axe of freezing
   (You took it off an orc on level 8 of the Dungeon)
 W - a +3 short sword of venom
   (You took it off an orc on level 9 of the Dungeon)
Missiles
 f - 10 javelins
 i - a curare-tipped dart
 t - 14 poisoned darts
 x - 14 boomerangs
Armour
 g - a +1 leather armour of willpower
   (You found it on level 6 of the Dungeon)
 h - a +1 helmet (worn)
   (You found it on level 2 of the Dungeon)
 A - a +2 pair of boots (worn)
   (You found it on level 8 of the Dungeon)
 B - +0 steam dragon scales
   (You found it on level 9 of the Dungeon)
 C - a +0 chain mail of cold resistance (worn)
   (You took it off an orc on level 9 of the Dungeon)
 P - a +0 cloak (worn)
   (You found it on level 9 of the Dungeon)
 R - a +0 troll leather armour
   (You found it on level 11 of the Dungeon)
 T - a +0 pair of gloves (worn)
   (You found it on level 11 of the Dungeon)
Jewellery
 k - an amulet of the acrobat (around neck)
   (You found it on level 3 of the Dungeon)
 n - an amulet of magic regeneration
   (You found it on level 3 of the Dungeon)
 D - a +5 ring of evasion (left hand)
   (You found it on level 1 of the Dungeon)
 F - a ring of protection from fire (right hand) {rF+, !d}
   (You bought it in a shop on level 3 of the Dungeon)
 L - an amulet of regeneration
   (You bought it in a shop on level 3 of the Dungeon)
 V - a ring of see invisible {sInv, !d}
   (You found it on level 7 of the Dungeon)
Wands
 d - a wand of digging (11)
   (You found it on level 6 of the Dungeon)
 e - a wand of charming (12)
   (You found it on level 4 of the Dungeon)
 j - a wand of polymorph (25)
   (You found it on level 8 of the Dungeon)
 l - a wand of roots (6)
   (You took it off an orc on level 5 of the Dungeon)
 q - a wand of flame (18)
   (You found it on level 7 of the Dungeon)
 y - a wand of mindburst (8)
   (You found it on level 9 of the Dungeon)
 S - a wand of light (3)
   (You found it on level 11 of the Dungeon)
Scrolls
 c - a scroll of poison {unknown}
 E - a scroll of fear
 K - 3 scrolls of immolation {!r}
 Y - 2 scrolls of teleportation {@r3}
Potions
 m - a potion of berserk rage {unknown}
 o - a potion of attraction {!q}
 r - 3 potions of might
 v - a potion of cancellation
 z - 2 potions of flight {unknown}
 G - 4 potions of ambrosia {!q}
 H - a potion of haste
 I - a potion of invisibility
 J - 4 potions of curing {@q1}
 M - 2 potions of magic
 N - 3 potions of heal wounds {@q2}
 Q - a potion of brilliance {unknown}
 U - 2 potions of mutation {!q}


   Skills:
 + Level 9.1 Fighting
 * Level 13.0 Ranged Weapons
 + Level 9.1 Dodging
 - Level 0.8 Stealth
 * Level 5.0 Evocations


You had 10 spell levels left.
You didn't know any spells.
Your spell library contained the following spells:

 Spells                   Type           Power      Damage    Failure   Level
 Kiss of Death            Conj/Necr      0%         2d5       100%        1
 Magic Dart               Conj           0%         1d3       100%        1
 Searing Ray              Conj           0%         2d4       100%        2
 Confusing Touch          Hex            0%         N/A       100%        3
 Ignite Poison            Fire/Tmut/Pois 0%         N/A       100%        3
 Dispel Undead            Necr           0%         3d6       100%        4
 Fulminant Prism          Conj/Hex       0%         3d5       100%        4
 Leda's Liquefaction      Hex/Erth       0%         N/A       100%        4
 Alistair's Intoxication  Tmut/Pois      0%         N/A       100%        5
 Lightning Bolt           Conj/Air       0%         1d11      100%        5
 Summon Forest            Summ/Tloc      0%         N/A       100%        5
 Summon Mana Viper        Hex/Summ       0%         N/A       100%        5
 Discord                  Hex            0%         N/A       100%        8


Dungeon Overview and Level Annotations

Branches:
Dungeon (11/15) Zot: 25670  Temple (0/1) D:7            Lair (1/5) D:11 Zot: 5842
    Orc (0/2) D:9           IceCv (1/1) Zot: 4367

Shops:
D:3 =   D:10 **

Annotations:
D:4 1 runed translucent door, Crazy Yiuf
D:6 2 transporters


Innate Abilities, Weirdness & Mutations

You have an increased reservoir of magic. (+10% MP)
You shall have no god before yourself.
Your divine heritage dramatically boosts your attributes as you level up.


Message History

You start resting.
Health restored: 97
There is an open door here.
There is an open door here.
The ice devil completely misses you.
There is an open door here.
You shoot an arrow.
The arrow hits the ice devil but does no damage.
The ice devil barely misses you.
You shoot an arrow. The arrow hits the ice devil.
The arrow burns the ice devil.
The ice devil hits you but does no damage.
The ice devil hits you. The ice devil freezes you! You resist.
You take 8 damage, and have 89/97 hp.
You shoot an arrow.
The arrow completely misses the ice devil.
The ice devil closely misses you.
You shoot an arrow.
The arrow hits the ice devil but does no damage.
The ice devil hits you! The ice devil freezes you! You resist.
You take 16 damage, and have 73/97 hp.
You shoot an arrow.
The arrow hits the ice devil but does no damage.
The ice devil barely misses you. The ice devil closely misses you.
You shoot an arrow.
The arrow completely misses the ice devil.
The ice devil hits you! The ice devil freezes you! You resist.
You take 19 damage, and have 54/97 hp.
You are too injured to fight recklessly!
You are too injured to fight recklessly!
Unknown command.
The ice devil attacks as you move away! The ice devil hits you!
The ice devil freezes you. You resist.
You take 14 damage, and have 40/97 hp.
Fire: a) +6 shortbow (flame)
Aim: an ice devil (lightly wounded, 77% to hit)
You shoot an arrow. The arrow hits the ice devil!
The arrow burns the ice devil.
The ice devil misses you. The ice devil closely misses you.
Fire: a) +6 shortbow (flame)
Aim: an ice devil (heavily wounded, 77% to hit)
You shoot an arrow.
The arrow hits the ice devil but does no damage.
The ice devil barely misses you.
Fire: a) +6 shortbow (flame)
Aim: an ice devil (heavily wounded, 77% to hit)
You shoot an arrow. The arrow hits the ice devil!
The arrow burns the ice devil.
The ice devil misses you.
Fire: a) +6 shortbow (flame)
Aim: an ice devil (almost dead, 77% to hit)
You shoot an arrow. The arrow hits the ice devil!
The arrow burns the ice devil.
You kill the ice devil!
Your Evocations skill increases to level 5!
There is an open door, spattered with blood here.
You see here a +2 triple sword of freezing.
p - a +2 triple sword of freezing
There is an open door, spattered with blood here.
You start resting.
Health restored: 97
There is an open door here.
There is an open door here.
There is an open door here.
There is an open door here.
There is an open door here.
You see here a +0 barding.
There is an open door here.
There is an open door here.
You open the door.
There is an open door here.
You open the door.
A reaper comes into view. It is wielding a +0 scythe of freezing.
Aim: a reaper, wielding a +0 scythe of freezing (chance to affect: 18%)
Okay, then.
Aim: a reaper, wielding a +0 scythe of freezing (74% to hit)
The bolt of light hits the reaper!!
The reaper is blinded.
The reaper barely misses you.
Fire: a) +6 shortbow (flame)
Aim: a reaper, wielding a +0 scythe of freezing (moderately wounded, blind, 77% to hit)
You shoot an arrow. The arrow hits the reaper.
The arrow burns the reaper.
The reaper misses you.
Fire: a) +6 shortbow (flame)
Aim: a reaper, wielding a +0 scythe of freezing (moderately wounded, blind, 77% to hit)
You shoot an arrow. The arrow hits the reaper!
The arrow burns the reaper.
The reaper hits you from afar with a +0 scythe of freezing!
The reaper freezes you.
The reaper hits you from afar with a +0 scythe of freezing.
You take 17 damage, and have 80/97 hp.
Fire: a) +6 shortbow (flame)
Aim: a reaper, wielding a +0 scythe of freezing (heavily wounded, blind, 77% to hit)
You shoot an arrow. The arrow hits the reaper!
The arrow burns the reaper!
The reaper closely misses you.
Fire: a) +6 shortbow (flame)
Aim: a reaper, wielding a +0 scythe of freezing (severely wounded, blind, 77% to hit)
You shoot an arrow. The arrow completely misses the reaper.
The reaper hits you from afar with a +0 scythe of freezing!!!
The reaper freezes you!
The reaper hits you from afar with a +0 scythe of freezing!!
You die...

############
.........'.#
####'#####.#
.#.#.#.#.#.##
'#'#.#'#'#.8######
.........#.......#
.8.8.8.8.#.#####.#
.........#.#[?(#.##
.........+.#.⌠2'@⌠#
.........#.#?.=#.##
.8.8.8.8.#.#####.#
.........#.......#
'#'#.#'#'#.8######
.#.#.#.#.#.##
####'#####.#
.........+.#
############


You could see a reaper (blind).

Vanquished Creatures
  A wizard (D:10)
  2 deep elf zephyrmancers (D:10)
  2 ice statues (IceCv)
  2 gargoyles
  2 rime drakes
  7 ice devils
  2 anaconda simulacra (IceCv)
  2 trolls
  4 blink frogs (Lair:1)
  A shadow (D:10)
  2 wyverns (D:10)
  A wraith (D:11)
  2 dire elephant simulacra (IceCv)
  27 yaks
  3 steam dragons
  Eustachio (D:5)
  2 harpy simulacra (IceCv)
  4 hydra simulacra (IceCv)
  An acid dragon (D:11)
  5 orc warriors
  3 sky beasts
  A black bear (D:3)
  An ogre (D:5)
  2 ice beasts
  5 wolves
  4 centaurs
  A phantom (D:5)
  3 kobold brigands
  A necrophage (D:4)
  2 bullfrogs (D:6)
  A cane toad simulacrum (IceCv)
  2 two-headed ogre simulacra (IceCv)
  2 scorpions
  3 killer bees
  An electric eel (D:10)
  8 howler monkeys
  2 jellies
  8 orc priests
  4 hounds
  11 orc wizards
  3 iguanas
  A polar bear simulacrum (IceCv)
  A wolf simulacrum (IceCv)
  3 gnolls (D:5)
  8 adders
  2 white imps
  2 ufetubi
  2 worms
  A dart slug (D:4)
  37 orcs
  6 bats
  3 endoplasms
  5 giant cockroaches
  7 goblins
  4 hobgoblins
  8 jackals
  9 quokkas
  5 ball pythons
  3 frilled lizards
  21 kobolds
  9 rats
278 creatures vanquished.

Vanquished Creatures (collateral kills)
  4 centaurs (D:11)
4 creatures vanquished.

Vanquished Creatures (others)
  An ufetubus (IceCv)
1 creature vanquished.

Grand Total: 283 creatures vanquished

Notes
Turn   | Place    | Note
-------+----------+-------------------------------------------
     0 | D:1      | sokol815 the Demigod Hunter began the quest for the Orb.
     0 | D:1      | Reached XP level 1. HP: 17/17 MP: 3/3
   290 | D:1      | Reached skill level 2 in Dodging
   321 | D:1      | Reached skill level 2 in Fighting
   403 | D:1      | Reached XP level 2. HP: 24/24 MP: 4/4
   608 | D:1      | Reached skill level 4 in Ranged Weapons
  1000 | D:2      | Reached XP level 3. HP: 29/29 MP: 5/5
  1505 | D:2      | Reached XP level 4. HP: 34/37 MP: 6/6
  1732 | D:3      | Noticed a black bear
  1815 | D:3      | Found Yllukke's Jewellery Shoppe.
  1827 | D:3      | Killed a black bear
  1828 | D:3      | Reached skill level 3 in Fighting
  1828 | D:3      | Reached skill level 5 in Ranged Weapons
  1828 | D:3      | Reached skill level 3 in Dodging
  1828 | D:3      | Reached XP level 5. HP: 41/45 MP: 7/7
  1968 | D:3      | Noticed a reaper
  2323 | D:4      | Found a runed translucent door.
  2324 | D:4      | Noticed Crazy Yiuf
  2487 | D:4      | Identified the +6 mace of Righteous Anger {heavy, *Slow
                  | rF++ Will+ Stlth+}
  2647 | D:4      | Reached XP level 6. HP: 34/51 MP: 8/8
  3052 | D:5      | Entered Level 5 of the Dungeon
  3059 | D:5      | Reached skill level 6 in Ranged Weapons
  3159 | D:5      | Noticed Eustachio
  3559 | D:4      | Reached XP level 7. HP: 58/58 MP: 9/9
  3571 | D:5      | Reached skill level 4 in Fighting
  3571 | D:5      | Reached skill level 4 in Dodging
  3764 | D:5      | Killed Eustachio
  4257 | D:5      | Reached skill level 7 in Ranged Weapons
  4341 | D:6      | Found a transporter.
  4597 | D:6      | Reached XP level 8. HP: 62/67 MP: 10/10
  4916 | D:6      | Reached skill level 5 in Dodging
  4935 | D:6      | Reached skill level 5 in Fighting
  4970 | D:6      | Found a transporter.
  5124 | D:7      | Reached skill level 8 in Ranged Weapons
  5495 | D:7      | HP: 17/69 [orc priest/divine providence (15)]
  5943 | D:7      | Reached XP level 9. HP: 42/75 MP: 11/11
  6210 | D:7      | Found a staircase to the Ecumenical Temple.
  6223 | D:7      | Reached skill level 9 in Ranged Weapons
  6548 | D:8      | Reached skill level 6 in Dodging
  6625 | D:8      | Reached skill level 6 in Fighting
  7395 | D:9      | Found a staircase to the Orcish Mines.
  7686 | D:8      | Reached skill level 10 in Ranged Weapons
  8407 | D:3      | Bought an amulet of regeneration for 360 gold pieces
  8589 | D:8      | Reached skill level 7 in Fighting
  8589 | D:8      | Reached skill level 7 in Dodging
  8688 | D:9      | Reached XP level 10. HP: 86/86 MP: 13/13
  8955 | D:10     | Entered Level 10 of the Dungeon
  8985 | D:10     | Noticed a wizard
  8989 | D:10     | Noticed a deep elf zephyrmancer
  8993 | D:10     | Killed a wizard
  8997 | D:10     | Killed a deep elf zephyrmancer
  9006 | D:10     | Got Ts'ui Pên's Vellum of Forking Paths
  9056 | D:10     | Found Zin's Purification Station.
  9107 | D:10     | Reached skill level 11 in Ranged Weapons
  9228 | D:10     | Noticed a deep elf zephyrmancer
  9241 | D:10     | Killed a deep elf zephyrmancer
  9288 | D:10     | Found Cuetegua's Lightly-Used Armoury.
  9579 | D:10     | Got the Compendium of Axaxaxas mlö
  9586 | D:10     | Got the Folio of Dhcmrlchtdj
  9725 | D:10     | Noticed a wizard
  9849 | D:10     | Reached skill level 8 in Dodging
  9850 | D:10     | Reached skill level 8 in Fighting
 10310 | D:11     | Reached skill level 12 in Ranged Weapons
 10314 | D:11     | Reached XP level 11. HP: 90/94 MP: 14/14
 10466 | D:11     | Reached skill level 1 in Evocations
 10687 | D:11     | Found a staircase to the Lair.
 10730 | D:11     | Reached skill level 2 in Evocations
 11221 | D:3      | Bought a ring of protection from fire for 300 gold pieces
 11393 | Lair:1   | Entered Level 1 of the Lair of Beasts
 11441 | Lair:1   | Reached skill level 3 in Evocations
 11517 | Lair:1   | Found a frozen archway.
 11554 | IceCv    | Entered an ice cave
 11673 | IceCv    | Reached skill level 4 in Evocations
 12007 | IceCv    | Reached skill level 9 in Dodging
 12043 | IceCv    | HP: 10/95 [three-headed hydra simulacrum (33)]
 12139 | IceCv    | Reached skill level 9 in Fighting
 12372 | IceCv    | HP: 16/97 [three-headed hydra simulacrum (13)]
 12715 | IceCv    | HP: 24/97 [constriction (2)]
 12718 | IceCv    | Reached skill level 13 in Ranged Weapons
 12944 | IceCv    | Reached skill level 5 in Evocations
 13162 | IceCv    | Noticed a reaper
 13167 | IceCv    | Slain by a reaper

Illustrated notes

Levels and vault maps discovered:
D:1:      mushboom_english_gardens, layout_loops_corners
D:2:      layout_loops_ring, basic_altar, amcnicky_mini_pool_small, st_stairs_11
D:3:      layout_rooms, serial_shops, shop_statue,
          dreamdust_ecumenical_altar_sealed_demon
D:4:      layout_loops_ring, doesnt_xom_only_xom,
          nicolae_overflow_crystal_walls, minmay_strange_pillars,
          uniq_crazy_yiuf_cottage
D:5:      layout_basic, gammafunk_temple_overflow_elements, uniq_eustachio
D:6:      gammafunk_cloud_chamber, layout_gridville,
          mainiacjoe_overflow_alcove_1, nrook_mini_vaults, minmay_misc_feat_iff,
          kennysheep_boxes
D:7:      layout_basic, nicolae_tso_carved_into_rock, minmay_temple_entry_grid
D:8:      layout_basic, nicolae_sif_muna_little_library, minitemple
D:9:      layout_small_grid, kennysheep_okawaru_gauntlet, orc_0_dummy
D:10:     layout_basic, zin_purify, old_standard_altar,
          grunt_temple_overflow_open, minmay_shop_damaged,
          kennysheep_minor_cross, bh_hangedman_babel_library
D:11:     layout_irregular_city, hellmonk_lair_entry_icy
Lair:1:   lemuel_reptile_caves, layout_loops_ring,
          portal_ice_cave_demonic_guard, st_stairs_13
IceCv:    ice_cave_tombish

Skill      XL: |  1  2  3  4  5  6  7  8  9 10 11 |
---------------+----------------------------------+-----
Dodging        | 2 3 4 5 7 8 9 |  9.1
Fighting       | 2 3 4 5 7 8 9 |  9.1
Ranged Weapons | 4 5 6 7 8 10 12 13 | 13.0
Evocations     | 5 |  5.0
Stealth        | |  0.8

Action                     |  1- 3 |  4- 6 |  7- 9 | 10-12 || total
---------------------------+-------+-------+-------+-------++-------
  Melee: Mace              |       |       |     9 |       ||     9
   Fire: Shortbow          |   114 |   173 |   355 |   453 ||  1095
  Evoke: Wand              |       |       |     4 |     3 ||     7
    Use: Scroll            |     4 |     9 |     5 |     9 ||    27
 Armour: Leather armour    |     8 |    14 |    31 |    12 ||    65
         Chain mail        |       |       |       |    34 ||    34
         Troll leather arm |       |       |       |    11 ||    11
  Dodge: Dodged            |    44 |    79 |   166 |   253 ||   542

Table legend: (Time is in decaauts)
 A = Elapsed time spent in this place.
 B = Non-inter-level travel time spent in this place.
 C = Inter-level travel time spent in this place.
 D = Time resting spent in this place.
 E = Time spent auto-exploring this place.
 F = Levels seen in this place.
 G = Mean time per level.
                   A        B        C        D        E       F      G
               +--------+--------+--------+--------+--------+-----+--------+
         Total |  13333 |  12287 |   1046 |   1795 |   8072 |  13 | 1025.6 |
       Dungeon |  11544 |  10498 |   1046 |    778 |   7785 |  11 | 1049.5 |
          Lair |    157 |    157 |      0 |      0 |     15 |   1 |  157.0 |
      Ice Cave |   1631 |   1631 |      0 |   1017 |    272 |   1 | 1631.0 |
               +--------+--------+--------+--------+--------+-----+--------+

Top non-repeatable levels by time:
   IceCv: 1631 daAuts
     D:7: 1512 daAuts
    D:10: 1305 daAuts
     D:5: 1224 daAuts
     D:9: 1124 daAuts
     D:4: 1118 daAuts
     D:6: 1071 daAuts
     D:8: 1071 daAuts
     D:1: 957 daAuts
    D:11: 837 daAuts
     D:2: 744 daAuts
     D:3: 577 daAuts
  Lair:1: 157 daAuts

Table legend:
 A = Kills in this place as a percentage of kills in entire the game.
 B = Kills by you in this place as a percentage of kills by you in the entire game.
 C = Kills by friends in this place as a percentage of kills by friends in the entire game.
 D = Other kills in this place as a percentage of other kills in the entire game.
 E = Experience gained in this place as a percentage of experience gained in the entire game.
 F = Experience gained in this place divided by the number of levels of this place that you have seen.
                   A       B       C       D       E      F
               +-------+-------+-------+-------+-------+----------------------
         Total | 100.0 | 100.0 | 100.0 |   N/A | 100.0 | 1850.2
       Dungeon |  88.3 |  88.1 | 100.0 |   N/A |  68.9 | 1506.9
          Lair |   3.5 |   3.6 |   0.0 |   N/A |  10.3 | 2472.0
      Ice Cave |   8.2 |   8.3 |   0.0 |   N/A |  20.8 | 5004.0
               +-------+-------+-------+-------+-------+----------------------
